AoeStats
← Lünsiger Aeros.

Arena

507695650Analyzed
4v4 RM · 13d ago on Sep 19, 2026· 40m 34s· 8 players
Game mode
Random Map
Map size
Large (8 player)
Population
200
Speed
Normal
Resources
Standard
Victory
Conquest
Starting age
Dark Age
Ending age
Imperial Age
RankedLock teamsTeams togetherTeam positionsShared explorationLock speedFull tech treeHidden civsTurbo modeCheats
Victory
Defeat
🇪🇸 Mongols · Spain
1086
+12
🇩🇪 Franks · Germany
1045
+13
🇹🇷 Spanish · Türkiye
1029
+14
🇩🇪 Turks · Germany
998
+15
🇦🇺 Romans · Australia
1062
-16
🇦🇺 Byzantines · Australia
1020
-14
🇦🇺 Bohemians · Australia
942
-12
🇨🇳 Persians · China
934
-12
Mick The Brick
10:37 Feudal Age
14:52 Castle Age
14:48 Double-Bit Axe
16:10 Bow Saw
16:27 Horse Collar
17:15 Gold Mining
17:19 Stone Mining
18:01 Heavy Plow
18:45 Gold Shaft Mining
20:43 Scale Barding Armor
20:49 Forging
21:34 Fortified Wall
22:44 Loom
26:12 Chain Barding Armor
26:28 Iron Casting
26:37 Ballistics
27:48 Ballistas
28:47 Fletching
30:11 Wheelbarrow
39:49 Imperial Age
n00b
10:42 Feudal Age
11:55 Double-Bit Axe
14:20 Castle Age
12:19 Double-Bit Axe
12:44 Horse Collar
24:01 Heavy Plow
27:10 Padded Archer Armor
27:00 Fletching
27:52 Elite Skirmisher
28:43 Thumb Ring
27:59 Elite Skirmisher
30:13 Bodkin Arrow
30:33 Leather Archer Armor
32:15 Gold Mining
32:15 Stone Mining
32:37 Bow Saw
35:56 Imperial Age
nathan.maloney222
10:30 Feudal Age
10:57 Horse Collar
11:43 Double-Bit Axe
19:09 Castle Age
19:27 Fletching
19:48 Forging
19:39 Scale Mail Armor
19:53 Heavy Plow
21:02 Bow Saw
20:46 Elite Skirmisher
33:09 Imperial Age
32:11 Iron Casting
31:52 Chain Mail Armor
35:23 Pikeman
Vengeance
8:41 Loom
12:28 Feudal Age
13:02 Double-Bit Axe
13:00 Horse Collar
19:28 Castle Age
22:08 Bow Saw
22:03 Heavy Plow
22:42 Wheelbarrow
24:51 Hand Cart
25:53 Fletching
26:54 Bodkin Arrow
38:15 Imperial Age
37:48 Pikeman
38:42 Forging
38:33 Scale Mail Armor
40:25 Iron Casting
39:22 Halberdier
40:06 Squires
Lünsiger Aeros.
10:14 Feudal Age
10:59 Double-Bit Axe
10:58 Horse Collar
12:25 Wheelbarrow
18:04 Castle Age
20:59 Bow Saw
28:19 Imperial Age
29:14 Artillery
29:58 Fletching
30:38 Bodkin Arrow
30:43 Padded Archer Armor
32:40 Hand Cart
32:10 Loom
36:10 Ballistics
36:11 Bombard Tower
38:37 Bracer
fran135
9:42 Feudal Age
14:35 Castle Age
12:45 Double-Bit Axe
13:18 Horse Collar
16:37 Stone Mining
22:09 Bow Saw
22:46 Heavy Plow
24:27 Wheelbarrow
23:38 Loom
25:17 Stone Shaft Mining
26:02 Hand Cart
26:54 Caravan
27:36 Gold Mining
27:51 Fletching
28:08 Scale Barding Armor
29:32 Gold Shaft Mining
29:51 Bodkin Arrow
30:18 Chain Barding Armor
34:36 Imperial Age
31:54 Town Watch
34:49 Capped Ram
34:52 Elite Mangudai
36:19 Bracer
36:22 Padded Archer Armor
36:00 Siege Ram
37:22 Drill
37:33 Ballistics
39:15 Chemistry
39:52 Conscription
comebackfred
10:58 Feudal Age
10:33 Loom
15:09 Castle Age
13:25 Double-Bit Axe
13:54 Gold Mining
16:06 Wheelbarrow
16:12 Bow Saw
17:39 Stone Mining
22:53 Hand Cart
22:51 Town Watch
26:22 Caravan
28:59 Imperial Age
27:27 Scale Barding Armor
27:58 Forging
27:49 Scale Mail Armor
28:20 Ballistics
27:53 Guard Tower
28:17 Masonry
29:14 Chain Barding Armor
30:15 Gold Shaft Mining
29:59 Husbandry
29:32 Cavalier
31:41 Iron Casting
31:21 Chain Mail Armor
31:08 Murder Holes
31:42 Chivalry
32:31 Town Patrol
33:39 Blast Furnace
33:15 Plate Barding Armor
33:03 #83
33:49 Plate Mail Armor
33:10 Fletching
33:20 Padded Archer Armor
34:24 Chemistry
34:03 Paladin
38:32 Arson
38:48 Squires
38:33 Gambesons
winter is coming
11:12 Feudal Age
12:11 Loom
16:08 Castle Age
14:55 Horse Collar
15:02 Double-Bit Axe
17:03 Heavy Plow
18:24 Wheelbarrow
18:54 Padded Archer Armor
31:43 Imperial Age
31:29 Stone Mining
32:29 Leather Archer Armor
32:48 Town Watch
33:23 Conscription
35:04 Redemption
35:58 Ring Archer Armor
36:03 Gold Mining
36:48 Stone Shaft Mining
40:08 Bow Saw
40:35 Fletching
40:09 Elite Conquistador
Connection lost

Rejoining the realm…

Still unreachable

The connection could not be restored.

Session expired

The server has moved on; the page needs a fresh start.